 Dungeon Crawl Stone Soup version 0.26.1-11-gd32895ea62 (webtiles) character file.

Game seed: 13209735601155780806

860 speedstriker the Grave Robber (level 8, -14/62 HPs)
             Began as a Hill Orc Necromancer on May 9, 2021.
             Was an Initiate of Beogh.
             Demolished by an orc warrior
             ... wielding a +0 scimitar
              (20 damage)
             ... on level 6 of the Dungeon.
             The game lasted 00:22:20 (8115 turns).

speedstriker the Grave Robber (HONe)                Turns: 8115, Time: 00:22:21

Health: -14/62     AC:  9    Str: 11    XL:     8   Next: 2%
Magic:  12/12      EV: 12    Int: 17    God:    Beogh [......]
Gold:   246        SH:  0    Dex: 11    Spells: 3/12 levels left

rFire    + . .     SeeInvis .   z - +2 trident (vorpal)
rCold    + . .     Faith    .   (no shield)
rNeg     + + .     Spirit   .   x - +2 leather armour {rN+}
rPois    +         Reflect  +   (no helmet)
rElec    +         Harm     .   (no cloak)
rCorr    +         Rampage  .   d - +2 pair of gloves
Will     .....                  k - +0 pair of boots
Stlth    +.........             F - amulet of reflection
HPRegen  0.20/turn              v - ring of positive energy
MPRegen  0.13/turn              (no ring)

@: confused, mighty, resistant
A: no striking features
a: Renounce Religion


You were on level 6 of the Dungeon.
You worshipped Beogh.
Beogh was noncommittal.
You visited 1 branch of the dungeon, and saw 6 of its levels.

You collected 246 gold pieces.

Inventory:

Hand Weapons
 e - a +0 club
 f - a +0 shortbow
 i - a +3 vorpal mace
 s - a +2 quarterstaff of chaos
 z - a +2 vorpal trident (weapon)
 I - a +2 dagger of holy wrath
Missiles
 h - 35 arrows
 j - 37 poisoned darts (quivered)
 m - 16 sling bullets
 o - 39 bolts
Armour
 a - a +0 robe
 c - a +0 robe
 d - a +2 pair of gloves (worn)
 g - a +0 leather armour
 k - a +0 pair of boots (worn)
 x - a +2 leather armour of positive energy (worn)
Jewellery
 r - an uncursed ring of flight
 v - a ring of positive energy (left hand)
 F - an amulet of reflection (around neck)
Wands
 b - a wand of polymorph (6)
 y - a wand of flame (30)
 E - a wand of disintegration (4)
 G - a wand of random effects (18)
Scrolls
 l - 2 scrolls of identify
 w - 2 scrolls of magic mapping
 C - 2 scrolls of immolation
Potions
 p - a potion of haste
 D - a potion of mutation {unknown}
 H - a potion of brilliance {unknown}


   Skills:
 + Level 2.5 Fighting
 + Level 1.5 Maces & Flails
 + Level 3.8 Polearms
 + Level 2.1 Throwing
 + Level 2.5 Armour
 + Level 2.7 Dodging
 + Level 2.3 Stealth
 + Level 0.8 Shields
 + Level 2.9 Spellcasting
 + Level 5.5 Necromancy


You had 3 spell levels left.
You knew the following spells:

 Your Spells              Type           Power        Failure   Level
a - Pain                  Necr           84%          2%          1
b - Animate Skeleton      Necr           42%          2%          1
c - Vampiric Draining     Necr           10%          8%          3
d - Animate Dead          Necr           10%          24%         4

Your spell library contained the following spells:

 Spells                   Type           Power        Failure   Level
 Agony                    Necr           21%          56%         5


Dungeon Overview and Level Annotations

Branches:
Dungeon (6/15)             Temple (0/1) D:4

Altars:
Fedhas
Nemelex Xobeh
Qazlal
Sif Muna
Uskayaw
Wu Jian
Xom

Shops:
D:4 (   D:5 *

Annotations:
D:2 Sigmund


Message History

Something hits you but does no damage.
The orc warrior hits you but does no damage.
You barely miss the orc warrior.
The orc warrior is severely wounded.
Something hits you but does no damage. The orc warrior barely misses you.
Okay, then.
It was a potion of resistance.
You feel protected. Something hits you but does no damage.
The orc warrior hits you with a +0 scimitar.
* * * LOW HITPOINT WARNING * * *
It was a potion of might.
You feel very mighty all of a sudden. Something hits you but does no damage.
The orc warrior closely misses you.
It was a potion of ambrosia.
You are confused.
You feel invigorated. Something hits you but does no damage.
The orc warrior hits you with a +0 scimitar!!
You die...
Beogh appreciates the orc warrior's killing of a heretic priest. ##.#.####### :....<.@o..# ##.#.#####.#

You could see an orc warrior.

Vanquished Creatures
  Grinder (D:5)
  A sky beast (D:5)
  A centaur (D:5)
  An ogre (D:5)
  Blork the orc (D:4)
  A scorpion (D:5)
  A hound (D:5)
  Crazy Yiuf (D:4)
  Ijyb (D:4)
  2 orc wizards (D:4)
  A worker ant (D:4)
  A howler monkey skeleton (D:5)
  3 adders
  A shadow imp (D:5)
  A white imp (D:5)
  An ufetubus (D:5)
  A worm (D:3)
  4 dart slugs
  5 leopard geckos
  8 orcs
  8 bats
  7 giant cockroaches
  5 goblins (D:1)
  4 hobgoblins
  4 jackals (D:1)
  A quokka (D:2)
  A ball python (D:3)
  8 kobolds
  A quokka skeleton (D:4)
  A quokka zombie (D:5)
  4 rats
  A bush (D:5)
82 creatures vanquished.

Vanquished Creatures (others)
  An orc priest (D:4)
  An orc (D:4)
2 creatures vanquished.

Grand Total: 84 creatures vanquished

Notes
Turn   | Place    | Note
-------+----------+-------------------------------------------
     0 | D:1      | speedstriker the Hill Orc Necromancer began the quest for
                  | the Orb.
     0 | D:1      | Reached XP level 1. HP: 14/14 MP: 3/3
   247 | D:1      | Reached XP level 2. HP: 11/20 MP: 2/4
  1523 | D:1      | Reached XP level 3. HP: 22/26 MP: 1/5
  1525 | D:1      | Learned a level 1 spell: Animate Skeleton
  2725 | D:2      | Found a blossoming altar of Fedhas.
  3111 | D:2      | Reached XP level 4. HP: 29/34 MP: 7/7
  3251 | D:2      | Noticed Sigmund
  3261 | D:3      | Reached skill level 1 in Maces & Flails
  3592 | D:3      | Found a shimmering blue altar of Sif Muna.
  3623 | D:3      | Found a faded altar of an unknown god.
  4092 | D:3      | Found a stormy altar of Qazlal.
  4094 | D:3      | Noticed a water elemental
  4095 | D:3      | Noticed an earth elemental
  4095 | D:3      | Noticed a fire elemental
  4095 | D:3      | Noticed an air elemental
  4404 | D:4      | Noticed Blork the orc
  4473 | D:4      | Killed Blork the orc
  4474 | D:4      | Reached skill level 1 in Fighting
  4474 | D:4      | Reached XP level 5. HP: 8/40 MP: 0/8
  4747 | D:4      | Found a staircase to the Ecumenical Temple.
  4898 | D:4      | Found a sparkling altar of Nemelex Xobeh.
  5051 | D:4      | Noticed Ijyb
  5057 | D:4      | Killed Ijyb
  5245 | D:4      | Found Wuegoirhi's Weapon Boutique.
  5259 | D:4      | Became a worshipper of Beogh the Brigand
  5387 | D:4      | Found a shimmering altar of Xom.
  5456 | D:4      | Noticed an ogre
  5725 | D:4      | Found a runed translucent door.
  5726 | D:4      | Noticed Crazy Yiuf
  5733 | D:4      | Learned a level 3 spell: Vampiric Draining
  5738 | D:4      | Learned a level 4 spell: Animate Dead
  5745 | D:4      | Killed Crazy Yiuf
  5746 | D:4      | Reached skill level 1 in Armour
  5746 | D:4      | Reached XP level 6. HP: 34/47 MP: 9/9
  5875 | D:4      | Reached skill level 5 in Necromancy
  6315 | D:5      | Entered Level 5 of the Dungeon
  6356 | D:5      | Reached skill level 1 in Polearms
  6446 | D:5      | Noticed a sky beast
  6467 | D:5      | Killed a sky beast
  6970 | D:5      | Reached skill level 1 in Throwing
  6970 | D:5      | Reached XP level 7. HP: 33/55 MP: 11/11
  6989 | D:5      | Found Ajyc's General Store.
  7034 | D:5      | Found a hide-covered altar of Uskayaw.
  7265 | D:5      | Noticed Grinder
  7304 | D:5      | Paralysed by Grinder for 4 turns
  7315 | D:5      | Killed Grinder
  7602 | D:5      | Reached XP level 8. HP: 40/62 MP: 5/12
  8060 | D:5      | Found an ornate altar of the Wu Jian Council.
  8113 | D:6      | HP: 2/62 [orc warrior/+0 scimitar (5)]
  8115 | D:6      | Demolished by an orc warrior

Illustrated notes

Levels and vault maps discovered:
D:1:      evilmike_arrival_rings, layout_basic
D:2:      layout_rooms, fedhas_altar_1, uniq_sigmund
D:3:      layout_loops_ring, nicolae_qazlal_style_of_elements,
          lemuel_round_altar, chequers_ecumenical_altar_island
D:4:      layout_loops_cross, marbit_many_paths,
          nemelex_xobeh_ov_fountains_minmay, minmay_temple_entry_glass,
          serial_shops, shop, kennysheep_small_circle, uniq_crazy_yiuf_cottage,
          uniq_ijyb, uniq_blork_the_orc
D:5:      cheibrodos_thug_alley, layout_basic, kennysheep_mini_moat,
          serial_shops, shop_fountains, basic_altar, kb_lookout_dungeons_type,
          sigmund_army, uniq_grinder
D:6:      layout_basic, uniq_menkaure

Skill      XL: |  1  2  3  4  5  6  7 |
---------------+----------------------+-----
Spellcasting   | 2 |  2.9
Dodging        | 2 |  2.7
Maces & Flails | 1 |  1.5
Fighting       | 1 2 |  2.5
Stealth        | 2 |  2.3
Armour         | 1 2 |  2.5
Necromancy     | 5 |  5.5
Polearms       | 2 3 |  3.8
Throwing       | 1 2 |  2.1
Shields        | |  0.8

Action                   |  1- 3 |  4- 6 |  7- 9 || total
-------------------------+-------+-------+-------++-------
Melee: Club              |   142 |    43 |       ||   185
       Trident           |       |    77 |   103 ||   180
Throw: Dart              |       |    24 |    12 ||    36
 Cast: Pain              |    29 |    42 |    13 ||    84
       Animate Skeleton  |     3 |       |       ||     3
Invok: Convert to Beogh  |       |     1 |       ||     1
  Use: Scroll            |       |    13 |     1 ||    14
       Potion            |       |     4 |     4 ||     8
 Stab: Sleeping          |     5 |     2 |       ||     7
Armor: Robe              |    58 |     4 |       ||    62
       Leather armour    |       |    33 |    25 ||    58
Dodge: Dodged            |   136 |   112 |    47 ||   295
Block: Other             |       |     9 |    13 ||    22
       Reflection        |       |     4 |       ||     4
